 Dungeon Crawl Stone Soup version 0.30.1-4-g462c640d31 (webtiles) character file.

Game seed: 5080293622781366352

80264 leafyfresh the Black Belt (level 15, -4/132 HPs)
             Began as a Merfolk Transmuter on Aug 14, 2023.
             Was a High Priest of Ru.
             Succumbed to a wolf spider's poison
             ... on level 3 of the Lair of Beasts.
             The game lasted 01:16:48 (27307 turns).

leafyfresh the Black Belt (Merfolk Transmuter)     Turns: 27307, Time: 01:16:48

Health: -4/132     AC: 16    Str:  5    XL:     15   Next: 66%
Magic:  25/25      EV: 23    Int: 22    God:    Ru [*****.]
Gold:   2766       SH:  0    Dex: 27    Spells: 8/25 levels left

rFire   + +          .
                       - Unarmed
rCold   + + +        (no shield)
rNeg    . . .        S - +5 robe "Ryjoylergh" {Dex+4 Archmagi}
rPois   .            d - +2 hat
rElec   .            V - +2 cloak
rCorr   .            m - +0 pair of gloves
SInv    +            i - +2 pair of boots
Will    +....        v - amulet "Talenuatt" {RegenMP rF+ Regen+ Int+3} Stlth
                     a - ring of Saonguagy {rC++ Str-4 Int+2 SInv}
HPRegen 1.22/turn    H - ring of protection from fire
MPRegen 0.59/turn

%: random rage (3%), archmagi
@: lethally poisoned (-4 -> -38), wereblooded, studying Ice Magic
A: no stealth, inability to use devices, inability to train armour, reduced EV
1, (nimble swimmer 2), mertail, agile 1, berserk 1, clever 1, cold resistance 1,
high MP 1
a: Renounce Religion, Draw Out Power, Power Leap, Apocalypse


You were on level 3 of the Lair of Beasts.
You worshipped Ru.
Ru was extremely pleased with you.
You visited 5 branches of the dungeon, and saw 22 of its levels.
You also visited: Sewer, Ossuary, Ice Cave and Volcano.

You collected 3690 gold pieces.
You spent 924 gold pieces at shops.

Inventory:

Missiles
 k - 7 curare-tipped darts (quivered)
Armour
 d - a +2 hat (worn)
 f - a +1 leather armour of cold resistance
 h - +0 acid dragon scales
 i - a +2 pair of boots (worn)
 m - a +0 pair of gloves (worn)
 O - a scarf of harm
 S - the +5 robe "Ryjoylergh" (worn) {Dex+4 Archmagi}
   (You found it on level 1 of the Lair of Beasts)

   Dex:       It affects your dexterity (+4).
   Archmagi:  It increases the power of your magical spells.
 V - a +2 cloak (worn)
Jewellery
 a - the ring of Saonguagy (left hand) {rC++ Str-4 Int+2 SInv}
   (You acquired it in a volcano)

   [ring of see invisible]

   Str:       It affects your strength (-4).
   Int:       It affects your intelligence (+2).
   rC:        It greatly protects you from cold.
   SInv:      It lets you see invisible.
 r - a +6 ring of intelligence
 v - the amulet "Talenuatt" (around neck) {RegenMP rF+ Regen+ Int+3}
   (You found it on level 5 of the Lair of Beasts)

   [amulet of magic regeneration]

   It increases your rate of magic regeneration.
   Int:       It affects your intelligence (+3).
   rF:        It protects you from fire.
   Regen:     It increases your rate of health regeneration.
 y - a ring of magical power
 H - a ring of protection from fire (right hand)
 J - an amulet of the acrobat
 X - a ring of willpower
Scrolls
 c - a scroll of brand weapon
 l - 2 scrolls of blinking
 o - 3 scrolls of identify
 p - 12 scrolls of teleportation
 q - 9 scrolls of fog
 s - 5 scrolls of amnesia
 t - 3 scrolls of fear
 w - 4 scrolls of enchant weapon
 B - 2 scrolls of silence
 L - 2 scrolls of magic mapping
 T - a scroll of butterflies
Potions
 b - 2 potions of lignification
 e - 2 potions of flight
 g - 4 potions of berserk rage
 j - 5 potions of mutation
 n - 4 potions of might
 u - 4 potions of brilliance
 x - 4 potions of magic
 z - 12 potions of curing
 A - a potion of resistance
 C - 2 potions of haste
 D - 2 potions of attraction
 M - 2 potions of ambrosia
 N - 5 potions of heal wounds
 Q - a potion of cancellation
 U - 2 potions of invisibility


   Skills:
 + Level 16.4 Fighting
 + Level 15.8 Dodging
 + Level 16.7 Unarmed Combat
 - Level 5.5 Spellcasting
 - Level 13.3 Transmutations
 - Level 4.5 Air Magic


You had 8 spell levels left.
You knew the following spells:

 Your Spells              Type           Power      Damage    Failure   Level
a - Storm Form            Tmut/Air       31%        N/A       91%         7
b - Spider Form           Tmut/Pois      52%        N/A       1%          3
c - Blade Hands           Tmut           38%        N/A       1%          5
d - Wereblood             Tmut           77%        N/A       1%          2

Your spell library contained the following spells:

 Spells                   Type           Power      Damage    Failure   Level
 Beastly Appendage        Tmut           100%       N/A       1%          1
 Passwall                 Tmut/Erth      43%        N/A       1%          2
 Ignite Poison            Fire/Tmut/Pois 38%        N/A       4%          3
 Ice Form                 Ice/Tmut       52%        N/A       6%          4
 Cigotuvi's Dreadful Rot  Necr/Pois/Air  38%        N/A       8%          2
 Apportation              Tloc           18%        N/A       10%         1
 Necrotise                Necr           36%        1d5       10%         1
 Sandblast                Erth           18%        2d7       10%         1
 Summon Small Mammal      Summ           36%        N/A       10%         1
 Lesser Beckoning         Tloc           18%        N/A       14%         2
 Scorch                   Fire           18%        2d6       14%         2
 Frozen Ramparts          Ice            18%        1d3       28%         3
 Gell's Gravitas          Tloc           9%         N/A       28%         3
 Portal Projectile        Hex/Tloc       18%        N/A       28%         3
 Stone Arrow              Conj/Erth      18%        3d8       28%         3
 Teleport Other           Tloc           9%         N/A       28%         3
 Tukima's Dance           Hex            9%         N/A       28%         3
 Summon Lightning Spire   Summ/Air       24%        N/A       36%         4
 Flame Wave               Conj/Fire      9%         2d6       67%         4
 Summon Ice Beast         Ice/Summ       9%         N/A       67%         4
 Freezing Cloud           Conj/Ice/Air   9%         6-21      82%         5
 Conjure Ball Lightning   Conj/Air       12%        3x3d6     99%         6
 Summon Cactus Giant      Summ           4%         N/A       100%        6
 Discord                  Hex            4%         N/A       100%        8
 Disjunction              Tloc           4%         N/A       100%        8
 Maxwell's Capacitive Co  Air            19%        ∞         100%        8


Dungeon Overview and Level Annotations

Branches:
Dungeon (13/15)            Temple (1/1) D:7            Lair (5/5) D:9
 Shoals (0/4) Lair:3       Spider (1/4) Lair:3        Slime (0/5) Lair:5
    Orc (2/2) D:10            Elf (0/3) Orc:2         Sewer (visited)
Ossuary (visited)           IceCv (visited)         Volcano (visited)
 Vaults: D:13-14

Altars:
Ashenzari
Cheibriados
Dithmenos
Elyvilon
Fedhas
Gozag
Hepliaklqana
Kikubaaqudgha
Makhleb
Nemelex Xobeh
Okawaru
Qazlal
Ru
Sif Muna
Trog
Uskayaw
Vehumet
Wu Jian
Xom
Yredelemnul
Zin
The Shining One
Jiyva

Shops:
D:3 !(([   D:7 (   D:8 (   D:11 *   Orc:1 (?(*   Orc:2 =![:

Annotations:
D:8 2 transporters, Mune's ghost, novice DsFE
D:11 1 transporter
Lair:2 exclusion: oklob plant
Lair:5 1 runed translucent door, exclusion: oklob plant


Innate Abilities, Weirdness & Mutations

You cannot be stealthy.
You cannot study or use magical devices.
You cannot train Armour skill.
You have somewhat slow reflexes. (EV -5)
((You are very nimble when in or above water. (Stealth+, EV+, Speed+++)))
Your lower body shifts to a powerful aquatic tail in water.
You are agile. (Dex +4, Str/Int -1)
You sometimes lose your temper in combat.
Your mind is acute. (Int +4, Str/Dex -1)
Your flesh is cold resistant. (rC+)
You have an increased reservoir of magic. (+10% MP)


Message History

You completely miss the wolf spider.
The wolf spider is heavily wounded.
You feel extremely sick.
The orb spider's many legs skitter faintly.
The wolf spider closely misses you. The wolf spider misses you.
The wolf spider hits you but does no damage.
The wolf spider misses you.
You punch the wolf spider!
The wolf spider is heavily wounded.
You feel extremely sick.
The wolf spider hits you but does no damage.
The wolf spider misses you. The redback misses you. The wolf spider misses you.
The wolf spider bites you!
You are lethally poisoned!
The wolf spider poisons you!
The orb spider begins to attack, but is stunned by your conviction!
The radroach completely misses you. The radroach closely misses you.
The wolf spider hits you!
You focus your inner power and blind the wolf spider in retribution!
The wolf spider misses you. The redback completely misses you.
* * * LOW HITPOINT WARNING * * *
You feel extremely sick. The wolf spider closely misses you.
The wolf spider misses you.
You redirect the wolf spider's attack!
The wolf spider hits the radroach.
The wolf spider bites the radroach but does no damage.
The redback closely misses you. The wolf spider misses you.
The wolf spider barely misses you. The radroach completely misses you.
The radroach claws you!
* * * LOW HITPOINT WARNING * * *
You focus your inner power and illuminate the radroach in retribution!
The wolf spider's many legs skitter.
The wolf spider hits you.
* * * LOW HITPOINT WARNING * * *
The wolf spider misses you.
You redirect the orb spider's attack!
The redback closely misses you.
You climb upwards.
Welcome back to the Lair of Beasts!
You feel yourself speed up.
You die...

#.#..##.P..# ##.## #..
##....#...## #..# #..
###...#### #.## #P.
#.^.#.#### ###.## #..
##..#####.###....#### ###.>
#^....^^.^^.##....#.###....
#.^#..#.≈≈'###.............
###..##.≈.s# ##..#.###.###.
#..#^.#.≈B@####..### ### #.
##^.#..≈≈.ss#...### ##.
#^#.^#..≈≈+##...#.# #..
#.........^.###..## ##.
###^.######.####.P# #.
#..#.^..##### #..## ##.
####....#.# ##.#### ####..
##..#..# #...#.###.###.
#....## #.............


You could see a radroach (corona), 2 wolf spiders and a redback.

Vanquished Creatures
  Jorgrun (D:10)
  Gastronok (D:10)
  A slime creature (D:12)
  A reaper (IceCv)
  An ettin (Orc:2)
  A fire dragon (Lair:5)
  Harold (D:11)
  Erolcha (Orc:2)
  4 hydras
  A two-headed ogre (Orc:2)
  A boulder beetle (D:10)
  Erica (Orc:1)
  A sun demon (Volcano)
  A hell knight (Volcano)
  The ghost of erynZofia the Covert, a novice KoFi of Dithmenos (D:9)
  Nergalle (Orc:2)
  Sonja (Orc:1)
  3 skysharks
  An orb spider (Lair:3)
  A necromancer (Lair:5)
  Pikel (D:6)
  2 lindwurms (Lair:5)
  An ugly thing (Volcano)
  An orc knight (D:11)
  An oklob plant (Lair:3)
  9 orc sorcerers (Orc:2)
  A manticore (Lair:3)
  2 cyclopes
  Joseph (D:7)
  Maurice (Orc:1)
  33 elephants
  A spectral centaur (D:9)
  2 black mambas
  5 torpor snails (Lair:5)
  An unseen horror (D:12)
  2 ice statues (IceCv)
  Psyche (D:9)
  4 rime drakes
  An unseen horror zombie (D:8)
  12 cane toads
  A kobold demonologist (D:10)
  A freezing wraith (IceCv)
  9 komodo dragons
  5 trolls
  5 ice devils (IceCv)
  3 red devils (Volcano)
  3 anaconda simulacra (IceCv)
  2 polar bears
  A wind drake (Lair:3)
  8 hornets
  Grinder (D:6)
  4 tyrant leeches (Lair:5)
  Prince Ribbit (D:6)
  11 blink frogs
  A spectral meliai (D:9)
  11 dream sheep
  2 centaur simulacra (D:9)
  A shadow (D:13)
  Sigmund (D:6)
  2 dire elephant simulacra (IceCv)
  33 yaks
  A ynoxinul (D:10)
  2 wraiths
  4 wyverns
  3 fire bats (Lair:4)
  Grum (D:9)
  3 steam dragons
  4 basilisks
  8 vampire mosquitoes
  3 harpy simulacra (IceCv)
  2 hydra simulacra (IceCv)
  3 acid dragons
  21 water moccasins
  Duvessa (D:7)
  16 orc warriors
  3 sky beasts
  3 ice beasts
  10 ogres
  7 centaurs
  29 wolves
  A lemure (D:6)
  A phantom (D:5)
  A kobold brigand (D:10)
  An elf zombie (D:6)
  13 bullfrogs
  A necrophage (D:8)
  A cane toad simulacrum (IceCv)
  11 scorpions
  A two-headed ogre simulacrum (IceCv)
  A wyvern zombie (D:8)
  9 wights
  Dowan (D:7)
  19 killer bees
  2 electric eels (Lair:2)
  7 howler monkeys
  3 human zombies
  2 centaur zombies
  5 hounds
  2 jellies
  A gnoll bouda (D:8)
  8 orc priests
  Crazy Yiuf (D:7)
  5 iguanas
  A human skeleton (D:6)
  33 orc wizards
  3 polar bear simulacra (Lair:5)
  8 scorpion zombies (Ossuary)
  A spriggan simulacrum (IceCv)
  2 yak simulacra (Lair:5)
  A killer bee zombie (D:8)
  2 troll simulacra (IceCv)
  3 wolf simulacra (Lair:5)
  5 mummies
  Robin (D:2)
  A howler monkey zombie (D:8)
  8 gnolls
  2 river rats (Sewer)
  7 adders
  2 white imps
  2 ufetubi
  2 worms
  A dart slug (D:3)
  83 orcs
  13 ball pythons
  13 bats
  5 endoplasms
  4 giant cockroaches
  A gnoll zombie (Ossuary)
  20 goblins
  11 hobgoblins
  6 jackals
  2 quokkas
  10 frilled lizards
  5 goblin zombies (Ossuary)
  2 hobgoblin zombies (Ossuary)
  11 kobolds
  3 orc skeletons (D:6)
  2 orc zombies
  14 rats
  3 river rat simulacra (Lair:5)
  2 butterflies (D:9)
729 creatures vanquished.

Vanquished Creatures (others)
  A wolf (Lair:4)
1 creature vanquished.

Grand Total: 730 creatures vanquished

Notes
Turn   | Place    | Note
-------+----------+-------------------------------------------
     0 | D:1      | leafyfresh the Merfolk Transmuter began the quest for the
                  | Orb.
     0 | D:1      | Reached XP level 1. HP: 15/15 MP: 3/3
   270 | D:1      | Reached XP level 2. HP: 20/21 MP: 5/5
   990 | D:2      | Reached XP level 3. HP: 26/26 MP: 6/6
  1087 | D:2      | Reached skill level 5 in Transmutations
  1091 | D:2      | Learned a level 3 spell: Spider Form
  1244 | D:2      | Noticed Robin
  1256 | D:2      | Reached XP level 4. HP: 21/32 MP: 0/7
  1262 | D:2      | Killed Robin
  2058 | D:3      | Found Cef Hots's Book Boutique.
  2077 | D:3      | Found Nuiluh's Antique Weapon Boutique.
  2184 | D:3      | Found a glowing drain.
  2200 | Sewer    | Entered a sewer
  2236 | Sewer    | Reached XP level 5. HP: 24/37 MP: 8/8
  3146 | D:3      | Found Quadeut's Armour Boutique.
  3154 | D:3      | Bought a +2 hat for 176 gold pieces
  3174 | D:3      | Found a shadowy altar of Dithmenos.
  3274 | D:3      | Found Raloiha's Weapon Emporium.
  3370 | D:3      | Found Ziur's Distillery.
  3504 | D:4      | Noticed an ogre
  3504 | D:4      | Found a sacrificial altar of Ru.
  3514 | D:4      | Killed an ogre
  3515 | D:4      | Reached XP level 6. HP: 43/43 MP: 5/9
  3644 | D:4      | Noticed an ice beast
  3662 | D:4      | Killed an ice beast
  4053 | D:4      | Reached XP level 7. HP: 48/48 MP: 10/10
  4602 | D:4      | Reached skill level 10 in Transmutations
  4867 | D:5      | Entered Level 5 of the Dungeon
  5230 | D:5      | Learned a level 5 spell: Blade Hands
  5450 | D:5      | Found a white marble altar of Elyvilon.
  5824 | D:5      | Reached XP level 8. HP: 49/57 MP: 5/11
  6316 | D:6      | Reached skill level 5 in Dodging
  6319 | D:6      | Reached skill level 5 in Unarmed Combat
  6672 | D:6      | Noticed Prince Ribbit
  6681 | D:6      | Killed Prince Ribbit
  6682 | D:6      | Reached XP level 9. HP: 61/67 MP: 6/12
  6745 | D:6      | Found a sand-covered staircase.
  6751 | Ossuary  | Entered an ossuary
  6808 | Ossuary  | Reached skill level 5 in Fighting
  7455 | Ossuary  | Gained mutation: You are frail. (-10% HP) [potion of
                  | mutation]
  7455 | Ossuary  | Gained mutation: You are dopey. (Int -2) [potion of
                  | mutation]
  7455 | Ossuary  | Gained mutation: Your flesh is heat resistant. (rF+)
                  | [potion of mutation]
  7458 | D:6      | Lost mutation: You are dopey. (Int -2) [potion of mutation]
  7458 | D:6      | Lost mutation: Your flesh is heat resistant. (rF+) [potion
                  | of mutation]
  7458 | D:6      | Gained mutation: Potions are less effective at restoring
                  | your health. [potion of mutation]
  7458 | D:6      | Gained mutation: You have an increased reservoir of magic.
                  | (+10% MP) [potion of mutation]
  7459 | D:6      | Lost mutation: You are frail. (-10% HP) [potion of
                  | mutation]
  7459 | D:6      | Lost mutation: Potions are less effective at restoring your
                  | health. [potion of mutation]
  7459 | D:6      | Gained mutation: You sometimes lose your temper in combat.
                  | [potion of mutation]
  7459 | D:6      | Gained mutation: Your flesh is cold resistant. (rC+)
                  | [potion of mutation]
  7459 | D:6      | Gained mutation: Your mind is acute. (Int +4, Str/Dex -1)
                  | [potion of mutation]
  7459 | D:6      | Gained mutation: You are agile. (Dex +4, Str/Int -1)
                  | [potion of mutation]
  7778 | D:6      | Noticed Grinder
  7779 | D:6      | Paralysed by Grinder for 5 turns
  7792 | D:6      | Killed Grinder
  7921 | D:6      | Noticed Pikel
  7935 | D:6      | Killed Pikel
  7936 | D:6      | Reached XP level 10. HP: 62/79 MP: 9/14
  8136 | D:6      | Noticed Sigmund
  8143 | D:6      | Killed Sigmund
  8330 | D:6      | Found a snail-covered altar of Cheibriados.
  8494 | D:7      | Found Difyoq's Weapon Emporium.
  8510 | D:7      | Noticed Joseph
  8997 | D:7      | Killed Joseph
  9084 | D:7      | Found a staircase to the Ecumenical Temple.
  9123 | D:7      | Found a runed translucent door.
  9124 | D:7      | Noticed Crazy Yiuf
  9188 | Temple   | Entered the Ecumenical Temple
  9471 | D:7      | Reached skill level 10 in Dodging
  9663 | D:7      | Noticed Duvessa
  9664 | D:7      | Noticed Dowan
  9668 | D:7      | Killed Dowan
  9674 | D:7      | Killed Duvessa
  9951 | D:7      | Killed Crazy Yiuf
 10039 | D:7      | Learned a level 2 spell: Wereblood
 10040 | D:8      | Found a transporter.
 10040 | D:8      | Found a transporter.
 10049 | D:8      | Noticed Mune's ghost (novice DsFE)
 10115 | D:8      | Found Hoar Goateu's Antique Weapon Emporium.
 10117 | D:8      | Noticed a two-headed ogre
 10510 | D:8      | Reached XP level 11. HP: 89/89 MP: 9/15
 10629 | D:8      | Found a broken altar of Ashenzari.
 10868 | D:4      | Became a worshipper of Ru the Awakened
 11298 | D:8      | Reached skill level 10 in Unarmed Combat
 11720 | D:8      | Found a basalt altar of Yredelemnul.
 11875 | D:9      | Noticed Psyche
 11879 | D:9      | Noticed Grum
 11881 | D:9      | Killed Psyche
 11888 | D:9      | Killed Grum
 11892 | D:9      | Reached skill level 10 in Fighting
 12098 | D:9      | Found a runed translucent gate.
 12098 | D:9      | Found a runed translucent gate.
 12098 | D:9      | Found a runed translucent gate.
 12110 | D:9      | Noticed erynZofia's ghost (novice KoFi)
 12271 | D:9      | Found a shimmering altar of Xom.
 12293 | D:9      | Found a staircase to the Lair.
 12316 | D:9      | Found a glowing silver altar of Zin.
 12435 | D:9      | Found a hazy altar of Hepliaklqana.
 12444 | D:9      | Found a blossoming altar of Fedhas.
 12456 | D:9      | Gained mutation: You cannot study or use magical devices.
                  | [Ru sacrifice]
 12456 | D:9      | Reached * piety under Ru
 12456 | D:9      | Reached ** piety under Ru
 12538 | D:10     | Entered Level 10 of the Dungeon
 13140 | D:10     | Noticed a boulder beetle
 13166 | D:10     | Killed a boulder beetle
 13296 | D:10     | Reached XP level 12. HP: 100/100 MP: 10/16
 13372 | D:10     | Learned a level 2 spell: Passwall
 13388 | D:10     | Noticed Gastronok
 13396 | D:10     | Killed Gastronok
 13528 | D:10     | Found a staircase to the Orcish Mines.
 13556 | D:10     | Found a shimmering blue altar of Sif Muna.
 13563 | D:10     | Found a bloodstained altar of Trog.
 13889 | D:11     | Found a transporter.
 14010 | D:11     | Found a frozen archway.
 14025 | IceCv    | Entered an ice cave
 15366 | IceCv    | Noticed a reaper
 15372 | IceCv    | Killed a reaper
 15626 | D:11     | Found Rofaufae's Assorted Antiques.
 15656 | D:11     | Noticed Harold
 15664 | D:11     | Killed Harold
 15831 | D:11     | Reached XP level 13. HP: 111/111 MP: 9/17
 15853 | D:11     | Gained mutation: You cannot be stealthy. [Ru sacrifice]
 15853 | D:11     | Reached *** piety under Ru
 16914 | Orc:1    | Entered Level 1 of the Orcish Mines
 16914 | Orc:1    | Noticed Jorgrun
 16930 | D:10     | Killed Jorgrun
 17007 | Orc:1    | Noticed Erica
 17024 | Orc:1    | Killed Erica
 17025 | Orc:1    | Noticed Maurice
 17093 | Orc:1    | Killed Maurice
 17170 | Orc:1    | Found Muohae's Weapon Shoppe.
 17198 | Orc:1    | Noticed Sonja
 17210 | Orc:1    | Killed Sonja
 17227 | Orc:1    | Found Ilicalist's Magic Scroll Shoppe.
 17232 | Orc:1    | Found Upsefuthon's Weapon Shop.
 17321 | Orc:1    | Found Soabag's General Store.
 17647 | Orc:2    | Entered Level 2 of the Orcish Mines
 17723 | Orc:2    | Found a staircase to the Elven Halls.
 17747 | Orc:2    | Noticed an ettin
 17756 | Orc:2    | Killed an ettin
 17837 | Orc:2    | Reached skill level 15 in Unarmed Combat
 18181 | Orc:2    | Found Tywup's Antique Armour Shop.
 18246 | Orc:2    | Found an ancient bone altar of Kikubaaqudgha.
 18246 | Orc:2    | Noticed Nergalle
 18257 | Orc:2    | Killed Nergalle
 18328 | Orc:2    | Reached skill level 15 in Fighting
 18473 | Orc:2    | Noticed Erolcha
 18483 | Orc:2    | Killed Erolcha
 18488 | Orc:2    | Found a radiant altar of Vehumet.
 18546 | Orc:2    | Gained mutation: You cannot train Armour skill. [Ru
                  | sacrifice]
 18546 | Orc:2    | Reached **** piety under Ru
 18574 | Orc:2    | Found Tietock's Jewellery Shop.
 18581 | Orc:2    | Found Tuta's Distillery.
 18591 | Orc:2    | Found Daer's Book Boutique.
 19241 | D:9      | Killed erynZofia's ghost
 19302 | Lair:1   | Entered Level 1 of the Lair of Beasts
 19316 | Lair:1   | Reached XP level 14. HP: 123/123 MP: 11/18
 19323 | Lair:1   | Identified the +5 robe "Ryjoylergh" {Dex+4 Archmagi}
 19515 | Orc:2    | Bought a book of the Sky for 748 gold pieces
 19526 | Orc:2    | Learned a level 7 spell: Storm Form
 19933 | Lair:1   | Reached skill level 1 in Air Magic
 22838 | Lair:3   | Identified 2 scrolls of acquirement
 23035 | Lair:3   | Found a staircase to the Shoals.
 23130 | Lair:3   | Found a hole to the Spider Nest.
 23680 | Lair:4   | Reached skill level 5 in Spellcasting
 23744 | Lair:4   | Found a dark tunnel.
 23767 | Volcano  | Entered a volcano
 24066 | Volcano  | Acquired the ring of Saonguagy {rC++ Str-4 Int+2 SInv}
 24068 | Volcano  | Acquired 1156 gold pieces
 24677 | Lair:4   | Reached XP level 15. HP: 129/129 MP: 20/25
 25038 | Lair:5   | Entered Level 5 of the Lair of Beasts
 25172 | Lair:5   | Reached skill level 15 in Dodging
 25971 | Lair:5   | Found a runed translucent door.
 25975 | Lair:5   | Found a viscous altar of Jiyva.
 25975 | Lair:5   | Noticed an acid blob
 25976 | Lair:5   | Found a staircase to the Slime Pits.
 25976 | Lair:5   | Noticed an acid blob
 26055 | Lair:5   | Found a runed translucent door.
 26762 | Lair:5   | Gained mutation: You have somewhat slow reflexes. (EV -5)
                  | [Ru sacrifice]
 26762 | Lair:5   | Reached ***** piety under Ru
 26779 | Lair:5   | Identified the amulet "Talenuatt" {RegenMP rF+ Regen+
                  | Int+3}
 27294 | Spider:1 | Entered Level 1 of the Spider Nest
 27307 | Lair:3   | Succumbed to a wolf spider's poison

Illustrated notes

Levels and vault maps discovered:
D:1:      lightli_molten_gateway, layout_loops_ring, serial_rivers,
          chequers_serial_rivers_small_3, chequers_serial_rivers_micro_e,
          chequers_serial_rivers_small_a, chequers_serial_rivers_large_a,
          chequers_serial_rivers_small_a, nicolae_titane
D:2:      layout_loops_ring, serial_rivers, chequers_serial_rivers_large_b,
          chequers_serial_rivers_small_a, chequers_serial_rivers_room_a,
          chequers_serial_rivers_micro_e, chequers_serial_rivers_small_3,
          uniq_robin
D:3:      layout_rooms, mainiacjoe_overflow_tiny_flanked,
          cheibrodos_sewer_entry_sluice, serial_shops,
          nicolae_shop_bloodbath_and_beyond, shop_fountains,
          nicolae_shop_window_shopping, shop, nicolae_square_shop
D:4:      layout_gridville, nicolae_ru_awakened_eye
D:5:      kennysheep_six_static_rooms, layout_loops_ring,
          nicolae_elyvilon_peaceful_grove, serial_rivers,
          chequers_serial_rivers_micro_b, chequers_serial_rivers_marsh,
          chequers_serial_rivers_room_a, chequers_serial_rivers_room_b,
          corner_web_ring, dk_noncrumbling_2, hangedman_decor_growths,
          grunt_decor_resistance
D:6:      layout_loops_ring, marbit_many_paths, nicolae_ossuary_entry_catacombs,
          uniq_grinder, uniq_sigmund, uniq_prince_ribbit1, uniq_pikel
D:7:      layout_cave_pools, minmay_temple_entry_stoned_glass, serial_shops,
          shop, uniq_joseph, uniq_duvessa, uniq_crazy_yiuf_cottage
D:8:      nicolae_whirlpool, layout_gridville, lemuel_doored_altar,
          lemuel_mausoleum_altar_yredelemnul, nzn_ghost_randoct,
          grunt_ministairs_2, nicolae_stop_n_shop_2, nicolae_eternal_life
D:9:      layout_rooms, kennysheep_mini, mainiacjoe_overflow_swirl,
          xom_butterflies, lair_entry_dummy, gammafunk_ghost_necromancy,
          uniq_grum, uniq_psyche
D:10:     layout_long_grid, nzn_overflow_gifts_of_might_and_magic,
          hiddenorc1_lemuel, uniq_gastronok
D:11:     layout_roguey [special_room_orc], serial_shops, shop,
          portal_ice_cave_rime, grunt_decor_cap, nicolae_diode_basic,
          uniq_harold
D:12:     layout_basic
D:13:     layout_long_grid, nicolae_shop_fire_sale [nicolae_sub_dead_trees],
          roderic_roman_lattice
Temple:   dpeg_chambers_temple
Lair:1:   layout_gridlike, lemuel_fruit_tree, grunt_megastairs_4
Lair:2:   nzn_winding_woodlands_stair_trap [nzn_winding_woodlands_5x15_jagged,
          nzn_winding_woodlands_5x15_river_crossing,
          nzn_winding_woodlands_5x15_pathside_ponds,
          nzn_winding_woodlands_15x15_eel_pit,
          nzn_winding_woodlands_5x15_default,
          nzn_winding_woodlands_5x15_longhouse,
          nzn_winding_woodlands_5x15_concentric], layout_cave_pods
Lair:3:   layout_small_grid, minmay_shoals_entry_beasts,
          nicolae_spider_entry_orb_guardian, minmay_lair_oklob_bushes
Lair:4:   layout_gridlike, nicolae_volcano_entry_batcave, grunt_megastairs_3
Lair:5:   wormcave, layout_regular_city, slime_entry_2, eino_house_with_fridge
Spider:1: layout_spider_delve, nicolae_spider_bug_shape
Orc:1:    layout_caves, serial_shops, nicolae_shop_crystal, shop,
          nicolae_shop_tiny_glass, nicolae_shop_tiny_glass, uniq_maurice,
          uniq_jorgrun, uniq_erica, uniq_sonja
Orc:2:    kennysheep_orc_mage_school, layout_diamond_mine

Skill      XL: |  1  2  3  4  5  6  7  8  9 10 11 12 13 14 15 |
---------------+----------------------------------------------+-----
Transmutations | 3 4 5 6 8 9 10 11 13 | 13.3
Dodging        | 4 6 8 11 12 13 14 15 | 15.8
Fighting       | 2 4 7 9 11 13 15 16 | 16.4
Unarmed Combat | 4 5 7 9 11 13 15 16 | 16.7
Air Magic      | 4 |  4.5
Spellcasting   | 5 |  5.5

Action                     |  1- 3 |  4- 6 |  7- 9 | 10-12 | 13-15 || total
---------------------------+-------+-------+-------+-------+-------++-------
  Melee: Unarmed           |    24 |    52 |   181 |   468 |   910 ||  1635
         Headbutt          |     2 |       |       |       |       ||     2
         Punch             |     1 |     5 |    18 |    36 |    98 ||   158
         Dagger            |    23 |   160 |    98 |    19 |       ||   300
         Tailslap          |       |     3 |       |     2 |       ||     5
   Fire: Sling             |    77 |       |       |       |       ||    77
   Cast: Beastly Appendage |     2 |       |       |     1 |       ||     3
         Spider Form       |     1 |     5 |     4 |       |     4 ||    14
         Blade Hands       |       |       |    26 |    69 |    80 ||   175
         Wereblood         |       |       |       |     8 |    24 ||    32
 Invoke: Sacrifice Artific |       |       |       |     1 |       ||     1
         Sacrifice Stealth |       |       |       |       |     1 ||     1
         Sacrifice Durabil |       |       |       |       |     1 ||     1
         Reject Sacrifices |       |       |       |       |     1 ||     1
         Sacrifice Health  |       |       |       |       |     1 ||     1
  Evoke: Wand              |       |       |       |     8 |       ||     8
    Use: Scroll            |       |     4 |    10 |     9 |    13 ||    36
         Potion            |       |       |     3 |     3 |     2 ||     8
   Stab: Sleeping          |     1 |     9 |     1 |     5 |       ||    16
         Distracted        |       |       |     1 |     1 |     5 ||     7
         Invisible         |       |       |       |       |     7 ||     7
 Armour: Robe              |    18 |    47 |    66 |    52 |    78 ||   261
         Skin              |       |     3 |     1 |       |     1 ||     5
         Troll leather arm |       |       |       |    16 |    59 ||    75
         Ring mail         |       |       |       |     4 |       ||     4
  Dodge: Dodged            |    64 |   161 |   167 |   477 |   771 ||  1640
